MWL (24 & UNDER)
ERIE JAXX @ CINCINNATI PRIDE
09/18/2030
 
TOP OF THE 1ST
Erie Jaxx batting - Pitching for Cincinnati Pride : RHP Chet Miller
Pitching: RHP Chet Miller
Batting: LHB Mark Sanders 0-0: Fly out, F6 (Popup, 6)
Batting: RHB Juan González 0-0: Swinging Strike
0-1: Ball
1-1: Called Strike
1-2: Ball
2-2: Foul Ball, location: 2F
2-2: Foul Ball, location: 2F
2-2: Strikes out swinging
Batting: RHB Shane Marshall 0-0: SINGLE (Line Drive, 34)
Batting: RHB Raoul Alkemade 0-0: Ball
1-0: Foul Ball, location: 2F
1-1: Ball
Shane Marshall steals 2nd base
2-1: Called Strike
2-2: Foul Ball, location: 2F
2-2: Foul Ball, location: 2F
2-2: Strikes out swinging
Top of the 1st over - 0 runs, 1 hit, 0 errors, 1 left on base; Erie 0 - Cincinnati 0
BOTTOM OF THE 1ST
Cincinnati Pride batting - Pitching for Erie Jaxx : RHP Ricardo Córdova
Pitching: RHP Ricardo Córdova
Batting: RHB Noah Sturges 0-0: Ball
1-0: Called Strike
1-1: Ball
2-1: Foul Ball, location: 2F
2-2: SINGLE (Line Drive, 8RS)
Batting: LHB Juan Ortíz 0-0: Ball
1-0: Called Strike
1-1: Ball
2-1: SINGLE (Line Drive, 89M)
Noah Sturges to second
Runner from 2nd tries for 3rd, SAFE, no throw
Batting: LHB Pablo Garza 0-0: Ball
Throwing error on steal attempt, E2
Noah Sturges scores
Juan Ortíz to third
1-0: SINGLE (Line Drive, 34)
Juan Ortíz scores
Batting: LHB Terry Barton 0-0: Fielders Choice at 2nd, 1-4 (Groundball, 15S)
Batting: LHB Kevin Hatcher 0-0: Foul Ball, location: 2F
0-1: Called Strike
0-2: Ball
1-2: 2-RUN HOME RUN (Flyball, 89XD), Distance : 421 ft
Batting: RHB Dudley Helms 0-0: Ball
1-0: Ball
2-0: Called Strike
2-1: Called Strike
2-2: Foul Ball, location: 2F
2-2: Ball
3-2: Strikes out swinging
Batting: LHB Gene Cherry 0-0: Ball
1-0: Ball
2-0: Ball
3-0: Called Strike
3-1: Fly out, F7 (Flyball, 7S)
Bottom of the 1st over - 4 runs, 4 hits, 1 error, 0 left on base; Erie 0 - Cincinnati 4
TOP OF THE 2ND
Erie Jaxx batting - Pitching for Cincinnati Pride : RHP Chet Miller
Batting: RHB Ronald Hodge 0-0: Ball
1-0: Called Strike
1-1: Foul Ball, location: 2F
1-2: Fly out, F4 (Line Drive, 4)
Batting: LHB Matt Moore 0-0: Ground out 3-1 (Groundball, 34)
Batting: LHB Juan Vásquez 0-0: Swinging Strike
0-1: Ball
1-1: Called Strike
1-2: Ball
2-2: Foul Ball, location: 2F
2-2: Ball
3-2: Base on Balls
Batting: RHB José Hernández 0-0: Called Strike
Juan Vásquez steals 2nd base
0-1: SINGLE (Groundball, 34D)
Juan Vásquez to third
Runner from 3rd tries for Home, SAFE, no throw
Batting: RHB Germán Duarte 0-0: Ball
1-0: Foul Ball, location: 2F
1-1: Foul Ball, location: 2F
1-2: Foul Ball, location: 2F
1-2: Foul Ball, location: 2F
1-2: Fly out, F5 (Line Drive, 5)
Top of the 2nd over - 1 run, 1 hit, 0 errors, 1 left on base; Erie 1 - Cincinnati 4
BOTTOM OF THE 2ND
Cincinnati Pride batting - Pitching for Erie Jaxx : RHP Ricardo Córdova
Batting: RHB Ed Hines 0-0: Ball
1-0: Ball
2-0: Ground out 3-1 (Groundball, 34S)
Batting: RHB Owen Grant 0-0: Called Strike
0-1: Called Strike
0-2: Ball
1-2: Foul Ball, location: 2F
1-2: Foul Ball, location: 2F
1-2: Strikes out swinging
Batting: RHB Noah Sturges 0-0: Ball
1-0: Ball
2-0: Ball
3-0: Base on Balls
Batting: LHB Juan Ortíz 0-0: Ball
1-0: Foul Ball, location: 2F
1-1: Foul Ball, location: 2F
1-2: Ground out 1-3 (Groundball, 13)
Bottom of the 2nd over - 0 runs, 0 hits, 0 errors, 1 left on base; Erie 1 - Cincinnati 4
TOP OF THE 3RD
Erie Jaxx batting - Pitching for Cincinnati Pride : RHP Chet Miller
Batting: LHB Mark Sanders 0-0: Ball
1-0: Ball
2-0: Foul Ball, location: 2F
2-1: SINGLE (Line Drive, 3D)
Batting: RHB Juan González 0-0: Foul Ball, location: 2F
0-1: Fly out, F8 (Flyball, 8RS)
Batting: RHB Shane Marshall 0-0: Called Strike
0-1: Fly out, F6 (Line Drive, 6)
Batting: RHB Raoul Alkemade 0-0: Foul Ball, location: 2F
0-1: Ball
1-1: Ball
2-1: Called Strike
Mark Sanders steals 2nd base
2-2: Strikes out looking
Top of the 3rd over - 0 runs, 1 hit, 0 errors, 1 left on base; Erie 1 - Cincinnati 4
BOTTOM OF THE 3RD
Cincinnati Pride batting - Pitching for Erie Jaxx : RHP Ricardo Córdova
Batting: LHB Pablo Garza 0-0: Ball
1-0: Called Strike
1-1: Fly out, F6 (Popup, P)
Batting: LHB Terry Barton 0-0: Ball
1-0: Ball
2-0: Ball
3-0: Base on Balls
Pitching: RHP Jesús Béltre
Batting: LHB Kevin Hatcher 0-0: Called Strike
0-1: Ball
1-1: Ball
2-1: Fly out, F4 (Line Drive, 34)
Lined into DP, 4-3 (Line Drive, 34)
Bottom of the 3rd over - 0 runs, 0 hits, 0 errors, 0 left on base; Erie 1 - Cincinnati 4
TOP OF THE 4TH
Erie Jaxx batting - Pitching for Cincinnati Pride : RHP Chet Miller
Batting: RHB Ronald Hodge 0-0: Ball
1-0: Foul Ball, location: 2F
1-1: Foul Ball, location: 2F
1-2: Fly out, F8 (Flyball, 8RM)
Batting: LHB Matt Moore 0-0: Ball
1-0: Called Strike
1-1: Fly out, F8 (Flyball, 8RS)
Batting: LHB Juan Vásquez 0-0: Ball
1-0: SOLO HOME RUN (Flyball, 9D), Distance : 402 ft
Batting: RHB José Hernández 0-0: Called Strike
0-1: Ball
1-1: Ball
2-1: DOUBLE (Line Drive, 78D)
Batting: RHB Germán Duarte 0-0: Swinging Strike
0-1: Ball
1-1: Ball
2-1: Ball
3-1: Base on Balls
Batting: LHB Mark Sanders 0-0: Called Strike
0-1: Ground out U3 (Groundball, 23)
Top of the 4th over - 1 run, 2 hits, 0 errors, 2 left on base; Erie 2 - Cincinnati 4
BOTTOM OF THE 4TH
Cincinnati Pride batting - Pitching for Erie Jaxx : RHP Jesús Béltre
Batting: RHB Dudley Helms 0-0: Ball
1-0: Called Strike
1-1: Fly out, F6 (Line Drive, 6)
Batting: LHB Gene Cherry 0-0: Called Strike
0-1: Foul Ball, location: 2F
0-2: Strikes out swinging
Batting: RHB Ed Hines 0-0: Called Strike
0-1: Ball
1-1: Foul Ball, location: 2F
1-2: Strikes out swinging
Bottom of the 4th over - 0 runs, 0 hits, 0 errors, 0 left on base; Erie 2 - Cincinnati 4
TOP OF THE 5TH
Erie Jaxx batting - Pitching for Cincinnati Pride : RHP Chet Miller
Batting: RHB Juan González 0-0: Swinging Strike
0-1: Ball
1-1: Swinging Strike
1-2: Ball
2-2: Strikes out swinging, 2-3 out at first.
Batting: RHB Shane Marshall 0-0: Called Strike
0-1: Ball
1-1: Ground out 4-3 (Groundball, 4)
Batting: RHB Raoul Alkemade 0-0: Called Strike
0-1: Foul Ball, location: 2F
0-2: SINGLE (Line Drive, 3)
Batting: RHB Ronald Hodge 0-0: Ball
1-0: Called Strike
1-1: Called Strike
1-2: Ball
2-2: Foul Ball, location: 2F
2-2: Ball
3-2: Foul Ball, location: 2F
3-2: Strikes out swinging
Top of the 5th over - 0 runs, 1 hit, 0 errors, 1 left on base; Erie 2 - Cincinnati 4
BOTTOM OF THE 5TH
Cincinnati Pride batting - Pitching for Erie Jaxx : RHP Jesús Béltre
Batting: RHB Owen Grant 0-0: Called Strike
0-1: Fly out, F8 (Line Drive, 8RD)
Batting: RHB Noah Sturges 0-0: Ball
1-0: Ball
2-0: Foul Ball, location: 2F
2-1: Ball
3-1: Base on Balls
Batting: LHB Juan Ortíz 0-0: Ball
1-0: Swinging Strike
1-1: Ball
2-1: Ball
Noah Sturges steals 2nd base
3-1: Ground out 4-3 (Groundball, 4)
Noah Sturges to third
Batting: LHB Pablo Garza 0-0: Ball
1-0: Called Strike
1-1: Reached on error, E9 (Flyball, 89M)
Noah Sturges scores
Batting: LHB Terry Barton 0-0: Intentional Walk
Batting: LHB Kevin Hatcher 0-0: Ball
1-0: Ball
2-0: Foul Ball, location: 2F
2-1: Ball
3-1: Base on Balls
Pablo Garza to third
Terry Barton to second
Batting: RHB Dudley Helms 0-0: Called Strike
0-1: Ball
1-1: Ball
2-1: Ball
3-1: Base on Balls
Pablo Garza scores
Terry Barton to third
Kevin Hatcher to second
Pitching: RHP Robbie Hopps
Batting: LHB Gene Cherry 0-0: Ball
1-0: Called Strike
1-1: Foul Ball, location: 2F
1-2: Foul Ball, location: 2F
1-2: Strikes out swinging
Bottom of the 5th over - 2 runs, 0 hits, 1 error, 3 left on base; Erie 2 - Cincinnati 6
TOP OF THE 6TH
Erie Jaxx batting - Pitching for Cincinnati Pride : RHP Chet Miller
Batting: LHB Matt Moore 0-0: Swinging Strike
0-1: Ball
1-1: Ball
2-1: Ball
3-1: Base on Balls
Pitching: LHP Juan Valentín
Batting: LHB Juan Vásquez 0-0: Called Strike
0-1: Called Strike
0-2: Ball
1-2: Ball
2-2: Ball
Matt Moore steals 2nd base
3-2: SINGLE (Groundball, 25) (infield hit)
Matt Moore to third
Batting: RHB José Hernández 0-0: Ball
1-0: Ball
2-0: DOUBLE (Flyball, 8LXD)
Matt Moore scores
Juan Vásquez to third
Batting: RHB Germán Duarte 0-0: Ball
1-0: Ball
2-0: Ball
3-0: Base on Balls
Batting: LHB Mark Sanders 0-0: Foul Ball, location: 2F
0-1: Ball
1-1: DOUBLE (Line Drive, 9LM)
Juan Vásquez scores
José Hernández scores
Germán Duarte to third
Pitching: RHP Orlando Martínez
Batting: RHB Juan González 0-0: Called Strike
0-1: Foul Ball, location: 2F
0-2: Strikes out swinging
Batting: RHB Shane Marshall 0-0: Ball
1-0: Fly out, F9 (Flyball, 89S)
Runner from 3rd tags up, OUT at HOME
Top of the 6th over - 3 runs, 3 hits, 0 errors, 1 left on base; Erie 5 - Cincinnati 6
BOTTOM OF THE 6TH
Cincinnati Pride batting - Pitching for Erie Jaxx : RHP Robbie Hopps
Batting: RHB Ed Hines 0-0: Ball
1-0: Swinging Strike
1-1: Called Strike
1-2: Foul Ball, location: 2F
1-2: Foul Ball, location: 2F
1-2: SOLO HOME RUN (Flyball, 7D), Distance : 388 ft
Batting: RHB Owen Grant 0-0: Called Strike
0-1: Ball
1-1: Swinging Strike
1-2: Strikes out looking
Batting: RHB Noah Sturges 0-0: Hit by Pitch
Batting: LHB Juan Ortíz 0-0: Ball
1-0: Fly out, F9 (Line Drive, 9)
Batting: LHB Pablo Garza 0-0: Ball
1-0: Ball
Noah Sturges steals 2nd base
2-0: Ball
3-0: Called Strike
3-1: Foul Ball, location: 2F
3-2: Base on Balls
Batting: LHB Terry Barton 0-0: Ball
1-0: Foul Ball, location: 2F
1-1: Fly out, F6 (Popup, 6)
Bottom of the 6th over - 1 run, 1 hit, 0 errors, 2 left on base; Erie 5 - Cincinnati 7
TOP OF THE 7TH
Erie Jaxx batting - Pitching for Cincinnati Pride : RHP Orlando Martínez
Batting: RHB Raoul Alkemade 0-0: Ball
1-0: Ball
2-0: SINGLE (Line Drive, 7S)
Batting: RHB Ronald Hodge 0-0: Ball
1-0: Swinging Strike
1-1: Swinging Strike
1-2: Fly out, F7 (Flyball, 7S)
Pitching: LHP Robin Walton
Batting: LHB Matt Moore 0-0: Called Strike
Throwing error on steal attempt, E2
Raoul Alkemade to third
0-1: Swinging Strike
0-2: Ball
1-2: Foul Ball, location: 2F
1-2: Ball
2-2: Foul Ball, location: 2F
2-2: Ball
3-2: Strikes out looking
Batting: LHB Juan Vásquez 0-0: Called Strike
0-1: Called Strike
0-2: Foul Ball, location: 2F
0-2: Strikes out swinging
Top of the 7th over - 0 runs, 1 hit, 1 error, 1 left on base; Erie 5 - Cincinnati 7
BOTTOM OF THE 7TH
Cincinnati Pride batting - Pitching for Erie Jaxx : RHP Robbie Hopps
Batting: LHB Kevin Hatcher 0-0: Called Strike
0-1: Ball
1-1: Ground out 6-3 (Groundball, 6)
Batting: RHB Dudley Helms 0-0: Ground out 4-3 (Groundball, 4)
Batting: LHB Gene Cherry 0-0: Ground out 5-3 (Groundball, 5)
Bottom of the 7th over - 0 runs, 0 hits, 0 errors, 0 left on base; Erie 5 - Cincinnati 7
TOP OF THE 8TH
Erie Jaxx batting - Pitching for Cincinnati Pride : LHP Robin Walton
Pitching: RHP Manuel Garza
Batting: RHB José Hernández 0-0: Called Strike
0-1: Ball
1-1: Ground out 6-3 (Groundball, 6MS)
Batting: RHB Germán Duarte 0-0: Ball
1-0: Ball
2-0: Foul Ball, location: 2F
2-1: Ball
3-1: Ground out 6-3 (Groundball, 6)
Batting: LHB Mark Sanders 0-0: Foul Ball, location: 2F
0-1: Ball
1-1: SINGLE (Groundball, 6MD)
Batting: RHB Juan González 0-0: Foul Ball, location: 2F
0-1: Swinging Strike
0-2: Ball
1-2: Ball
2-2: Foul Ball, location: 2F
2-2: Strikes out looking
Top of the 8th over - 0 runs, 1 hit, 0 errors, 1 left on base; Erie 5 - Cincinnati 7
BOTTOM OF THE 8TH
Cincinnati Pride batting - Pitching for Erie Jaxx : RHP Robbie Hopps
Batting: RHB Ed Hines 0-0: Called Strike
0-1: Ball
1-1: Called Strike
1-2: Strikes out swinging
Batting: RHB Owen Grant 0-0: Ball
1-0: Ball
2-0: Foul Ball, location: 2F
2-1: Ball
3-1: DOUBLE (Line Drive, 7LS)
Batting: RHB Noah Sturges 0-0: Ball
1-0: Swinging Strike
1-1: SINGLE (Flyball, 7S)
Owen Grant to third
Runner from 3rd tries for Home, SAFE, no throw
Pitching: LHP Jesús Acosta
Batting: LHB Juan Ortíz 0-0: Swinging Strike
0-1: Swinging Strike
0-2: Ball
1-2: Ball
2-2: Ball
3-2: Foul Ball, location: 2F
3-2: Strikes out swinging
Batting: LHB Pablo Garza 0-0: Ball
1-0: Foul Ball, location: 2F
1-1: Ball
2-1: Foul Ball, location: 2F
2-2: Strikes out swinging
Bottom of the 8th over - 1 run, 2 hits, 0 errors, 1 left on base; Erie 5 - Cincinnati 8
TOP OF THE 9TH
Erie Jaxx batting - Pitching for Cincinnati Pride : RHP Manuel Garza
Pitching: RHP Armando Rocha
Batting: RHB Shane Marshall 0-0: Called Strike
0-1: Swinging Strike
0-2: Strikes out swinging
Batting: RHB Raoul Alkemade 0-0: Called Strike
0-1: Hit by Pitch
Batting: RHB Ronald Hodge 0-0: Ball
1-0: Ball
2-0: Called Strike
2-1: SINGLE (Groundball, 4MD)
Raoul Alkemade to second
Batting: LHB Matt Moore 0-0: Foul Ball, location: 2F
0-1: Ball
1-1: Called Strike
1-2: Ball
2-2: Fly out, F8 (Flyball, 8RM)
Batting: LHB Juan Vásquez 0-0: Called Strike
0-1: Ball
1-1: Ball
2-1: Swinging Strike
2-2: Strikes out swinging
Top of the 9th over - 0 runs, 1 hit, 0 errors, 2 left on base; Erie 5 - Cincinnati 8
Saturday, April 7th, 2018 - OOTP Baseball 18.8 Build 76